 Dungeon Crawl Stone Soup version 0.26.0-16-gc1dbca0489 (webtiles) character file.

Game seed: 5862157611910116223

1269 thiole the Covert (level 8, -1/52 HPs)
             Began as an Octopode Hedge Wizard on Jan 20, 2021.
             Was an Initiate of Gozag.
             Killed by nerve-wracking pain
             ... invoked by an orc priest
              (14 damage)
             ... on level 6 of the Dungeon.
             The game lasted 00:17:04 (8451 turns).

thiole the Covert (Octopode Hedge Wizard)           Turns: 8451, Time: 00:17:05

Health: -1/52      AC:  5    Str: 10    XL:     8   Next: 53%
Magic:  15/18      EV: 13    Int: 18    God:    Gozag
Gold:   950        SH:  5    Dex: 11    Spells: 14/20 levels left

rFire    . . .     SeeInvis .   m - +1 dagger (holy)
rCold    . . .     Faith    .   (no shield)
rNeg     . . .     Spirit   .   b - +0 hat
rPois    .         Reflect  +   h - amulet of reflection
rElec    .         Harm     .   r - +4 ring of protection
rCorr    .         Rampage  .   (no ring)
Will     .....                  (no ring)
Stlth    +++++.....             (no ring)
HPRegen  0.17/turn              (no ring)
MPRegen  0.16/turn              (no ring)
                                (no ring)
                                (no ring)

@: no status effects
A: almost no armour, stealthy swim, amphibious, 8 rings, constrict 8, camouflage
1, gelatinous body 1
a: Renounce Religion, Potion Petition, Call Merchant, Bribe Branch


You were on level 6 of the Dungeon.
You worshipped Gozag.
Gozag was pleased with you.
You visited 1 branch of the dungeon, and saw 7 of its levels.

You collected 962 gold pieces.
You paid 12 gold pieces to Gozag.

Inventory:

Hand Weapons
 a - a +0 dagger
 m - a +1 dagger of holy wrath (weapon)
Armour
 b - a +0 hat (worn)
Jewellery
 e - an uncursed amulet of the acrobat
 h - an amulet of reflection (around mantle)
 r - a +4 ring of protection (left tentacle)
Scrolls
 c - 6 scrolls of teleportation
 f - 4 scrolls of identify
 g - a scroll of amnesia {unknown}
 j - 2 scrolls of enchant armour {unknown}
 o - 2 scrolls of magic mapping {unknown}
 p - a scroll of blinking {unknown}
 s - 2 scrolls of enchant weapon {unknown}
 t - a scroll of remove curse {unknown}
Potions
 d - a potion of haste
 i - 2 potions of attraction
 k - a potion of resistance {unknown}
 l - a potion of brilliance {unknown}
 n - a potion of lignification {unknown}
 q - 2 potions of invisibility


   Skills:
 + Level 3.5 Fighting
 - Level 2.0 Dodging
 + Level 8.0 Stealth
 * Level 6.6 Spellcasting
 - Level 2.0 Conjurations
 + Level 2.3 Summonings
 - Level 2.0 Translocations
 * Level 1.3 Air Magic


You had 14 spell levels left.
You knew the following spells:

 Your Spells              Type           Power        Failure   Level
a - Magic Dart            Conj           52%          4%          1
b - Call Imp              Summ           14%          6%          2
c - Mephitic Cloud        Conj/Pois/Air  9%           22%         3

Your spell library contained the following spells:

 Spells                   Type           Power        Failure   Level
 Apportation              Tloc           26%          4%          1
 Summon Small Mammal      Summ           56%          4%          1
 Blink                    Tloc           N/A          8%          2
 Animate Skeleton         Necr           10%          12%         1
 Corona                   Hex            5%           12%         1
 Sandblast                Erth           10%          12%         1
 Passwall                 Tmut/Erth      4%           17%         2
 Slow                     Hex            5%           17%         2
 Conjure Flame            Conj/Fire      9%           22%         3
 Stone Arrow              Conj/Erth      18%          22%         3
 Petrify                  Tmut/Erth      5%           75%         4
 Lee's Rapid Deconstruct  Erth           2%           97%         5


Dungeon Overview and Level Annotations

Branches:
Dungeon (7/15)             Temple (0/1) D:5

Altars:
Cheibriados
Gozag
Hepliaklqana
Kikubaaqudgha
Makhleb
Nemelex Xobeh
Okawaru
Sif Muna
Wu Jian


Innate Abilities, Weirdness & Mutations

You cannot wear most types of armour.
You are very stealthy in the water. (Stealth+)
You are amphibious.
You can wear up to eight rings at the same time.
You can use your tentacles to constrict eight enemies at once.
Your skin changes colour to match your surroundings (Stealth+).
Your rubbery body absorbs attacks. (AC +1, EV +1)


Message History

The ice beast hits your white imp.
Your white imp dies!
Your crimson imp misses the orc priest.
You closely miss the ice beast.
The ice beast is almost dead.
The orc priest casts a cantrip, but nothing happens.
The ice beast closely misses you.
Your crimson imp hits the orc priest.
You hit the ice beast.
The ice beast is almost dead.
The ice beast hits you but does no damage.
You hit the ice beast. Your squeeze misses the ice beast.
The ice beast is almost dead.
The orc priest hits you but does no damage.
You block the ice beast's attack.
Your crimson imp hits the ice beast.
You hit the ice beast.
The ice beast is almost dead.
The orc priest invokes the aid of Beogh against you.
Pain shoots through your body!
You die...
Your body crumbles into a pile of gold.

#o#
#.#
#.# .#
#o#
#####.
#o.
.....
#...
#..
#5###
#Yo<#
#@###
#.#
###


You could see an ice beast, an orc priest and a friendly crimson imp (summoned).

Vanquished Creatures
  Sigmund (D:4)
  A bullfrog (D:5)
  A scorpion (D:3)
  A water moccasin skeleton (D:4)
  A howler monkey (D:2)
  A jelly (D:5)
  4 hounds
  A bullfrog skeleton (D:4)
  A centaur skeleton (D:5)
  2 iguanas
  3 worker ants
  6 gnolls
  4 adders
  An ufetubus (D:4)
  An ooze (D:1)
  3 adder skeletons
  2 worms (D:3)
  2 dart slugs
  20 orcs
  5 bats
  5 giant cockroaches
  8 hobgoblins
  11 jackals
  4 quokkas
  A ball python (D:4)
  6 frilled lizards
  8 goblins
  5 kobolds
  A quokka skeleton (D:4)
  9 rats
119 creatures vanquished.

Vanquished Creatures (collateral kills)
  Edmund (D:5)
  A phantom (D:4)
  2 ogres
  An orc wizard (D:5)
  Robin (D:3)
  4 gnolls (D:3)
  A giant cockroach (D:5)
  6 goblins (D:3)
  4 hobgoblins (D:3)
21 creatures vanquished.

Grand Total: 140 creatures vanquished

Notes
Turn   | Place    | Note
-------+----------+-------------------------------------------
     0 | D:1      | thiole the Octopode Hedge Wizard began the quest for the
                  | Orb.
     0 | D:1      | Reached XP level 1. HP: 11/11 MP: 4/4
   391 | D:1      | Reached skill level 3 in Stealth
   567 | D:1      | Reached XP level 2. HP: 17/17 MP: 4/6
  1109 | D:1      | Reached XP level 3. HP: 16/21 MP: 0/7
  1647 | D:2      | Found an ancient bone altar of Kikubaaqudgha.
  1713 | D:2      | Found an opulent altar of Gozag.
  1715 | D:2      | Found a shimmering blue altar of Sif Muna.
  1715 | D:2      | Found a hazy altar of Hepliaklqana.
  1734 | D:2      | Found a sparkling altar of Nemelex Xobeh.
  1736 | D:2      | Found a snail-covered altar of Cheibriados.
  1742 | D:2      | Became a worshipper of Gozag Ym Sagoz the Greedy
  2048 | D:2      | Reached skill level 4 in Stealth
  2048 | D:2      | Reached XP level 4. HP: 27/27 MP: 7/9
  3065 | D:2      | Reached XP level 5. HP: 31/31 MP: 6/10
  3198 | D:2      | Reached skill level 5 in Stealth
  3737 | D:3      | Reached XP level 6. HP: 23/36 MP: 12/12
  3918 | D:3      | Learned a level 2 spell: Call Imp
  3922 | D:3      | Learned a level 3 spell: Mephitic Cloud
  4117 | D:3      | Noticed Robin
  4199 | D:4      | Reached skill level 6 in Stealth
  4339 | D:4      | You fall into a shaft and drop 3 floors!
  4344 | D:7      | Noticed a black bear
  4454 | D:5      | Entered Level 5 of the Dungeon
  4541 | D:4      | Noticed Sigmund
  4548 | D:4      | Killed Sigmund
  4549 | D:4      | Reached skill level 1 in Fighting
  4549 | D:4      | Reached skill level 5 in Spellcasting
  4549 | D:4      | Reached XP level 7. HP: 33/43 MP: 14/14
  4744 | D:4      | HP: 2/44 [poisoned by a worker ant]
  5275 | D:4      | HP: 2/45 [ogre/+0 giant spiked club (26)]
  5277 | D:4      | Reached skill level 7 in Stealth
  6276 | D:3      | Reached XP level 8. HP: 47/51 MP: 11/17
  6374 | D:3      | Killed Robin
  6616 | D:3      | Found an iron altar of Okawaru.
  7169 | D:5      | Found a staircase to the Ecumenical Temple.
  7171 | D:5      | Noticed Edmund
  7197 | D:5      | Killed Edmund
  7410 | D:5      | Found a burning altar of Makhleb.
  7565 | D:5      | Reached skill level 8 in Stealth
  7631 | D:5      | Reached skill level 1 in Air Magic
  7922 | D:5      | Found an ornate altar of the Wu Jian Council.
  8451 | D:6      | Killed from afar by an orc priest

Illustrated notes

Levels and vault maps discovered:
D:1:      dpeg_arrival_fog, layout_basic, minmay_misc_feat_encased,
          minmay_tripent
D:2:      layout_loops_corners, grunt_temple_overflow_open
D:3:      layout_rooms, kennysheep_nub, okawaru_trees_2, uniq_robin
D:4:      layout_basic, minmay_misc_feat_rows, uniq_sigmund
D:5:      layout_layer_cave, lemuel_doored_altar,
          minmay_temple_entry_large_hall, chequers_serial_rivers_marsh,
          makhleb_heckhound_becter, uniq_edmund
D:6:      layout_basic, tgw_trog, basic_altar
D:7:      layout_loops_ring, kennysheep_path_1, fedhas_altar_4

Skill      XL: |  1  2  3  4  5  6  7  8 |
---------------+-------------------------+-----
Stealth        | 3 4 5 6 7 8 |  8.0
Conjurations   | 2 |  2.0
Summonings     | 2 |  2.3
Spellcasting   | 4 5 6 |  6.6
Fighting       | 1 2 3 |  3.5
Translocations | 2 |  2.0
Air Magic      | 1 |  1.3
Dodging        | |  2.0

Action                   |  1- 3 |  4- 6 |  7- 9 || total
-------------------------+-------+-------+-------++-------
Melee: Dagger            |    59 |    69 |   164 ||   292
       Constrict         |    13 |    13 |    31 ||    57
       Tentacles         |     8 |    17 |    23 ||    48
 Cast: Magic Dart        |    62 |    65 |    83 ||   210
       Call Imp          |       |       |    22 ||    22
       Mephitic Cloud    |       |       |     3 ||     3
  Use: Scroll            |       |     2 |     3 ||     5
       Potion            |       |       |     5 ||     5
 Stab: Sleeping          |     1 |     8 |     1 ||    10
       Distracted        |       |       |     1 ||     1
       Confused          |       |       |     1 ||     1
Armor: Skin              |     6 |     5 |    18 ||    29
Dodge: Dodged            |    46 |    35 |   104 ||   185
Block: Other             |       |       |    15 ||    15
